 Dungeon Crawl Stone Soup version 0.19.0-24-gb05acd6 (webtiles) character file.

6664 Leibowitz the Covert (level 10, -6/79 HPs)
             Began as a Demigod Enchanter on Nov 22, 2016.
             Shot with an arrow by a centaur (13 damage)
             ... on level 10 of the Dungeon.
             The game lasted 00:41:29 (12683 turns).

Leibowitz the Covert (Demigod Enchanter)           Turns: 12683, Time: 00:41:30

Health: -6/79      AC:  8    Str: 11    XL:     10   Next: 45%
Magic:  22/24      EV: 14    Int: 31    God:
Gold:   494        SH:  2    Dex: 16    Spells: 6 memorised, 10 levels left

rFire  . . .     SeeInvis .     a - +1 short sword (venom)
rCold  + . .     Gourm    .     C - +2 leather armour {rC+}
rNeg   . . .     Faith    .     (no shield)
rPois  .         Spirit   .     (helmet restricted)
rElec  .         Reflect  +     (no cloak)
rCorr  +         Harm     .     (no gloves)
MR     +....                    t - +0 pair of boots
Stlth  ++++......               j - +2 amulet of reflection
                                E - ring of resist corrosion
                                r - +6 ring of intelligence

@: slowed, very slow
A: horns 1, molten scales 1, blurry vision 1, high mp 1
a: no special abilities


You were on level 10 of the Dungeon.
You were not hungry.

You visited 1 branch of the dungeon, and saw 10 of its levels.
You also visited: Ossuary.

You collected 494 gold pieces.

Inventory:

Hand Weapons
 a - a +1 short sword of venom (weapon)
 b - a +4 scythe of flaming
 N - a +0 blowgun
Missiles
 k - 43 poisoned needles
 q - 7 curare-tipped needles
 y - 4 poisoned tomahawks (quivered)
Armour
 t - a +0 pair of boots (worn)
 C - a +2 leather armour of cold resistance (worn)
Magical Staves
 u - an uncursed staff of air
Jewellery
 j - a +2 amulet of reflection (around neck)
 r - a +6 ring of intelligence (left hand)
 z - an uncursed ring of fire
 E - a ring of resist corrosion (right hand)
Wands
 c - a wand of flame (20/48)
 d - a wand of teleportation (6/9)
 v - a wand of lightning (11/15)
 A - a wand of iceblast (4/15)
 B - a wand of enslavement (10/24)
 F - a wand of iceblast (9/15)
 G - a wand of flame (37/48)
 J - a wand of polymorph (10/24)
 L - a wand of digging (4/24)
Scrolls
 e - 2 scrolls of enchant weapon
 f - 14 scrolls of remove curse
 g - 4 scrolls of amnesia
 h - 3 scrolls of blinking
 l - 4 scrolls of magic mapping
 m - 3 scrolls of recharging
 n - 9 scrolls of identify
 o - 2 scrolls of fear
 I - a scroll of immolation
 K - a scroll of vulnerability
 M - 3 scrolls of enchant armour
Potions
 i - 3 potions of curing
 s - 2 potions of flight
 H - a potion of brilliance
Comestibles
 w - 10 royal jellies
 x - 3 meat rations
 D - 4 bread rations


   Skills:
 + Level 4.2 Fighting
 + Level 5.0 Short Blades
 + Level 4.1 Polearms
 + Level 2.3 Armour
 + Level 4.0 Dodging
 + Level 8.0 Stealth
 * Level 7.2 Spellcasting
 + Level 1.0 Conjurations
 + Level 5.5 Hexes
 + Level 3.0 Ice Magic
 + Level 0.1 Evocations


You had 10 spell levels left.
You knew the following spells:

 Your Spells              Type           Power        Failure   Level  Hunger
a - Corona                Hex            #####..      1%          1    None
b - Ensorcelled Hibernat  Hex/Ice        #####.       1%          2    None
c - Confuse               Hex            #####...     1%          3    None
d - Dazzling Spray        Conj/Hex       ####..       4%          3    None
e - Tukima's Dance        Hex            #####...     1%          3    None
f - Confusing Touch       Hex            #####.       1%          1    None


Dungeon Overview and Level Annotations

Branches:
Dungeon (10/15)            Temple (0/1) D:6            Lair (0/6) D:9
    Orc: D:9-12

Shops:
D:9 :


Innate Abilities, Weirdness & Mutations

You have an increased reservoir of magic. (+10% MP)
You have a pair of small horns on your head.
You are partially covered in molten scales. (AC +2)
Scrolls take you a little longer to read.


Message History

The centaur shoots an arrow.
You reflect the arrow off an invisible shield around you!
The arrow hits the centaur!
The centaur shoots an arrow.
The arrow hits you!
* * * LOW HITPOINT WARNING * * *
The centaur shoots an arrow.
The arrow hits you.
* * * LOW HITPOINT WARNING * * *
You see here 2 arrows.
You feel better.
The centaur shoots an arrow.
The arrow misses you.
The centaur shoots an arrow.
The arrow hits you!
* * * LOW HITPOINT WARNING * * *
You feel better.
The centaur shoots an arrow.
The arrow hits you.
* * * LOW HITPOINT WARNING * * *
The centaur shoots an arrow.
The arrow hits you.
* * * LOW HITPOINT WARNING * * *
The centaur shoots an arrow.
The arrow barely misses you.
You see here an arrow.
The centaur shoots an arrow.
The arrow closely misses you.
You see here an arrow.
The centaur shoots an arrow.
The arrow hits you!
You die...

.........##
..........##
...........##
%...........##
............(##
............(.##
.............(.##
..............(.##
.....(..c....@...#
........†..W.....#
.................#
.................#
.................#
.................#
.................#
................#
...............#


You could see a wraith (confused) and a centaur.

Vanquished Creatures
  Pikel (D:9)
  An elephant (D:8)
  A komodo dragon (D:9)
  2 hornets
  3 hippogriffs
  Sigmund (D:3)
  5 yaks (D:9)
  A steam dragon (D:9)
  A hungry ghost (D:7)
  Menkaure (Ossuary)
  Edmund (D:6)
  Duvessa (D:7)
  An ice beast (D:6)
  An orc warrior (D:6)
  2 sky beasts
  2 black bears
  A slave (D:9)
  4 centaurs
  3 ogres
  2 crocodiles (D:9)
  A big kobold (D:9)
  2 bullfrogs
  2 scorpions
  Dowan (D:7)
  A howler monkey (D:8)
  4 crimson imps
  3 centaur zombies (Ossuary)
  A quasit (D:7)
  6 hounds
  4 orc priests
  6 jellies
  A bullfrog skeleton (D:4)
  4 iguanas
  5 worker ants
  5 orc wizards
  2 ogre zombies (Ossuary)
  6 mummies (Ossuary)
  4 gnolls (D:3)
  16 adders
  A shadow imp (D:6)
  6 oozes
  8 adder zombies (Ossuary)
  An adder skeleton (D:8)
  2 worms
  A dart slug (D:2)
  5 leopard geckos
  20 orcs
  6 bats
  5 giant cockroaches
  12 goblins
  7 hobgoblins
  14 jackals
  13 kobolds
  2 quokkas
  A ball python (D:7)
  A ball python skeleton (D:6)
  3 frilled lizards
  3 goblin zombies (Ossuary)
  4 hobgoblin zombies (Ossuary)
  3 kobold zombies (Ossuary)
  A leopard gecko skeleton (D:3)
  An orc zombie (Ossuary)
  4 quokka zombies (Ossuary)
  6 rats
  2 rat zombies (Ossuary)
241 creatures vanquished.

Vanquished Creatures (others)
  A bullfrog (D:9)
  An iguana (D:9)
  A shadow imp (D:9)
  An orc (D:9)
4 creatures vanquished.

Grand Total: 245 creatures vanquished

Notes
Turn   | Place    | Note
-------+----------+-------------------------------------------
     0 | D:1      | Leibowitz the Demigod Enchanter began the quest for the Orb.
     0 | D:1      | Reached XP level 1. HP: 14/14 MP: 5/5
   122 | D:1      | Reached skill level 3 in Stealth
   364 | D:1      | Reached XP level 2. HP: 16/20 MP: 7/7
   401 | D:1      | Learned a level 2 spell: Ensorcelled Hibernation
  1367 | D:2      | Reached skill level 1 in Short Blades
  1367 | D:2      | Reached XP level 3. HP: 12/26 MP: 8/8
  1372 | D:2      | Learned a level 3 spell: Confuse
  1547 | D:2      | Found a bloodstained altar of Trog.
  1988 | D:2      | Reached XP level 4. HP: 34/34 MP: 3/10
  2496 | D:3      | You fall through a shaft for 2 floors!
  2496 | D:5      | Entered Level 5 of the Dungeon
  2545 | D:4      | Reached skill level 4 in Stealth
  2545 | D:4      | Reached skill level 1 in Ice Magic
  2545 | D:4      | Reached XP level 5. HP: 36/39 MP: 6/11
  2560 | D:4      | Found a sparkling altar of Nemelex Xobeh.
  2578 | D:4      | Found a snail-covered altar of Cheibriados.
  2677 | D:4      | Found a sand-covered staircase.
  2684 | Ossuary  | Entered an ossuary
  2924 | Ossuary  | Reached skill level 1 in Fighting
  3161 | Ossuary  | Reached XP level 6. HP: 44/47 MP: 13/13
  3268 | Ossuary  | Noticed Menkaure
  3317 | Ossuary  | Killed Menkaure
  3689 | Ossuary  | Reached skill level 5 in Stealth
  3924 | D:4      | Reached XP level 7. HP: 52/52 MP: 13/16
  5187 | D:3      | Gained mutation: Scrolls take you a little longer to read. [potion of mutation]
  5187 | D:3      | Gained mutation: You are partially covered in molten scales. (AC +2) [potion of mutation]
  5187 | D:3      | Gained mutation: You have a pair of small horns on your head. [potion of mutation]
  5248 | D:3      | Noticed Sigmund
  5254 | D:3      | Killed Sigmund
  5905 | D:5      | Reached skill level 1 in Polearms
  5913 | D:5      | Reached XP level 8. HP: 58/61 MP: 18/18
  6138 | D:5      | Found an ancient bone altar of Kikubaaqudgha.
  6138 | D:5      | Found a white marble altar of Elyvilon.
  6168 | D:6      | Found a hazy altar of Hepliaklqana.
  6179 | D:6      | Found a blossoming altar of Fedhas.
  6180 | D:6      | Found a shattered altar of Ashenzari.
  6180 | D:6      | Found a glowing golden altar of the Shining One.
  6266 | D:6      | Reached skill level 6 in Stealth
  6710 | D:6      | Learned a level 3 spell: Dazzling Spray
  6714 | D:6      | Learned a level 3 spell: Tukima's Dance
  6716 | D:6      | Learned a level 1 spell: Confusing Touch
  6862 | D:6      | Noticed Edmund
  6891 | D:6      | Killed Edmund
  6891 | D:6      | Reached skill level 5 in Spellcasting
  7124 | D:6      | Found a staircase to the Ecumenical Temple.
  7710 | D:7      | Noticed Duvessa
  7720 | D:7      | Noticed Dowan
  7728 | D:7      | Killed Dowan
  7743 | D:7      | Killed Duvessa
  7962 | D:7      | Noticed a hippogriff
  7978 | D:7      | Killed a hippogriff
  7978 | D:7      | Reached XP level 9. HP: 51/68 MP: 16/20
  8399 | D:7      | Reached skill level 1 in Armour
  8900 | D:7      | Reached skill level 7 in Stealth
 10055 | D:8      | Got a faintly glowing quarterstaff
 10056 | D:8      | Identified the +6 quarterstaff "Ywnied" {protect, rC+ Str+6 Dex-2} (You found it on level 8 of the Dungeon)
 10584 | D:9      | Reached skill level 1 in Conjurations
 10673 | D:9      | Reached skill level 5 in Hexes
 10808 | D:9      | Reached XP level 10. HP: 78/78 MP: 24/24
 10824 | D:9      | Noticed an elephant
 11083 | D:9      | Found Zoeceicu's Book Boutique.
 11158 | D:9      | Noticed Pikel
 11178 | D:9      | Killed Pikel
 11246 | D:9      | Found a staircase to the Lair.
 11496 | D:9      | Reached skill level 5 in Short Blades
 12103 | D:8      | Killed an elephant
 12103 | D:8      | Reached skill level 8 in Stealth
 12622 | D:10     | Entered Level 10 of the Dungeon
 12683 | D:10     | Shot with an arrow by a centaur

Skill      XL: |  1  2  3  4  5  6  7  8  9 10 |
---------------+-------------------------------+-----
Stealth        | 3 4 5 6 7 8 |  8.0
Spellcasting   | 2 3 4 5 6 7 |  7.2
Hexes          | 3 4 5 |  5.5
Short Blades   | 1 2 3 4 5 |  5.0
Dodging        | 2 3 4 |  4.0
Ice Magic      | 1 2 3 |  3.0
Fighting       | 1 2 3 4 |  4.2
Polearms       | 1 4 |  4.1
Armour         | 2 |  2.3
Conjurations   | 1 |  1.0
Evocations     | |  0.1

Action                   |  1- 3 |  4- 6 |  7- 9 | 10-12 || total
-------------------------+-------+-------+-------+-------++-------
Melee: Dagger            |   169 |   169 |   123 |       ||   461
       Scythe            |       |       |   147 |    19 ||   166
       Headbutt          |       |       |    53 |    20 ||    73
       Short sword       |       |       |   156 |    81 ||   237
       Quarterstaff      |       |       |     2 |       ||     2
Throw: Tomahawk          |       |       |       |     1 ||     1
 Cast: Ensorcelled Hiber |    11 |    10 |    33 |    15 ||    69
       Corona            |     2 |       |       |       ||     2
       Confuse           |       |    18 |    25 |    12 ||    55
       Dazzling Spray    |       |       |    13 |       ||    13
Evoke: Wand              |       |       |     2 |       ||     2
  Use: Potion            |     4 |     1 |    14 |     2 ||    21
       Scroll            |       |       |    14 |       ||    14
 Stab: Sleeping          |    10 |    31 |    33 |     9 ||    83
       Confused          |       |    12 |    14 |     4 ||    30
       Distracted        |       |       |     3 |     1 ||     4
  Eat: Chunk             |     1 |     1 |    21 |     3 ||    26
       Bread ration      |     1 |     1 |       |     1 ||     3
       Beef jerky        |       |     1 |     1 |       ||     2
       Pizza             |       |     1 |       |       ||     1
Armor: Robe              |    34 |    11 |    61 |       ||   106
       Leather armour    |       |       |    57 |    50 ||   107
Dodge: Dodged            |   103 |    59 |   285 |   135 ||   582
Block: Other             |    10 |     5 |    28 |    13 ||    56
       Reflection        |       |       |       |     1 ||     1
